 Dungeon Crawl Stone Soup version 0.30.0-29-ga12c61a403 (webtiles) character file.

Game seed: 1118087761223345068

3142 howech the Cruncher (level 9, -3/78 HPs)
             Began as a Minotaur Gladiator on June 9, 2023.
             Was an Initiate of Trog.
             Slain by a gnoll bouda
             ... wielding a +0 spear
              (11 damage)
             ... in a bailey.
             The game lasted 00:22:54 (7397 turns).

howech the Cruncher (Minotaur Gladiator)            Turns: 7397, Time: 00:22:54

Health: -3/78      AC: 15    Str: 24    XL:     9   Next: 61%
Magic:  8/8        EV:  9    Int:  5    God:    Trog [......]
Gold:   177        SH:  5    Dex: 13    Spells: 8/8 levels left

rFire   . . .        a - +1 quarterstaff (flame)
rCold   . . .        (shield currently unavailable)
rNeg    . . .        C - +0 plate armour
rPois   .            c - +0 hat
rElec   .            (no cloak)
rCorr   +            v - +1 pair of gloves
SInv    .            I - +0 pair of boots "Buihaed" {Str+2}
Will    .....        J - amulet of reflection Stlth
                     E - ring of resist corrosion
HPRegen 0.33/turn    (no ring)
MPRegen 0.11/turn

%: reflection
@: no status effects
A: horns 2, retaliatory headbutt
a: Renounce Religion


You were in a bailey.
You worshipped Trog.
Trog was noncommittal.
You visited 2 branches of the dungeon, and saw 9 of its levels.
You also visited: Bailey.

You collected 414 gold pieces.
You spent 237 gold pieces at shops.

Inventory:

Hand Weapons
 a - a +1 quarterstaff of flaming (weapon)
Missiles
 g - 3 throwing nets
 u - 2 poisoned darts (quivered)
 A - a javelin
Armour
 c - a +0 hat (worn)
 m - a +0 chain mail
 v - a +1 pair of gloves (worn)
 z - a +0 kite shield
 C - a +0 plate armour (worn)
 I - the +0 pair of boots "Buihaed" (worn) {Str+2}
   (You bought it in a shop on level 7 of the Dungeon)

   Str:       It affects your strength (+2).
Jewellery
 p - a ring of protection from cold
 y - a ring of protection from fire
 E - a ring of resist corrosion (left hand)
 J - an amulet of reflection (around neck)
Wands
 e - a wand of mindburst (15)
 j - a wand of roots (6)
Scrolls
 i - 3 scrolls of magic mapping
 l - a scroll of brand weapon
 n - 5 scrolls of teleportation
 s - a scroll of blinking
 t - 2 scrolls of fear {unknown}
 B - a scroll of enchant armour
 D - a scroll of identify
 F - a scroll of butterflies {unknown}
 H - 2 scrolls of enchant weapon
Potions
 b - a potion of degeneration {unknown}
 d - a potion of ambrosia {unknown}
 f - 2 potions of curing
 h - a potion of haste {unknown}
 k - a potion of mutation {unknown}
 o - 2 potions of heal wounds
 r - a potion of flight
 w - a potion of lignification
 x - a potion of experience {unknown}
 G - 2 potions of attraction {unknown}


   Skills:
 + Level 6.4 Fighting
 * Level 9.4 Staves
 - Level 5.0 Throwing
 - Level 5.0 Armour
 - Level 6.0 Dodging
 - Level 5.0 Shields
 + Level 4.4 Evocations


You had 8 spell levels left.
You didn't know any spells.
Your spell library contained the following spells:

 Spells                   Type           Power      Damage    Failure   Level
 Apportation              Tloc           0%         N/A       100%        1
 Necrotise                Necr           0%         1d4       100%        1
 Slow                     Hex            0%         N/A       100%        1
 Summon Small Mammal      Summ           0%         N/A       100%        1
 Confusing Touch          Hex            0%         N/A       100%        3
 Vampiric Draining        Necr           0%         2d6       100%        3
 Chain Lightning          Conj/Air       0%         N/A       100%        9
 Fire Storm               Conj/Fire      0%         5d1       100%        9
 Shatter                  Erth           0%         3d5*      100%        9


Dungeon Overview and Level Annotations

Branches:
Dungeon (8/15)             Temple (1/1) D:5          Bailey (1/1)
   Lair: D:8-11

Altars:
Dithmenos
Elyvilon
Fedhas
Gozag
Hepliaklqana
Kikubaaqudgha
Makhleb
Okawaru
Qazlal
Ru
Sif Muna
Trog
Uskayaw
Vehumet
Wu Jian
Yredelemnul
The Shining One

Shops:
D:7 [(

Annotations:
D:5 1 runed translucent door, hawla's ghost, novice MeFE
D:8 Maurice


Innate Abilities, Weirdness & Mutations

You have a pair of horns on your head.
You reflexively headbutt those who attack you in melee.


Message History

The gnoll is severely wounded.
The gnoll sergeant hits you but does no damage.
The gnoll closely misses you.
Unknown command.
The gnoll bouda hits you but does no damage.
The gnoll sergeant hits you but does no damage.
The gnoll sergeant hits you with a +0 halberd.
Things that are here:
a +0 halberd; a +0 ring mail Unknown command.
Your attacks no longer feel as feeble.
The gnoll bouda hits you from afar with a +0 spear.
The gnoll sergeant closely misses you. You block the gnoll's attack.
The gnoll sergeant hits you with a +0 halberd.
Unknown command.
You hit the gnoll sergeant. You burn the gnoll sergeant.
The gnoll sergeant is moderately wounded.
The gnoll bouda hits you from afar with a +0 spear.
The gnoll sergeant hits you with a +0 glaive.
The gnoll hits you with a +0 halberd!
Unknown command.
You hit the gnoll. You burn the gnoll.
The gnoll is severely wounded.
The gnoll bouda barely misses you.
The gnoll sergeant hits you with a +0 glaive.
The gnoll sergeant hits you but does no damage.
The gnoll hits you with a +0 halberd.
Unknown command.
You hit the gnoll sergeant. You burn the gnoll sergeant.
The gnoll sergeant is heavily wounded.
The gnoll bouda hits you from afar with a +0 spear.
The gnoll sergeant hits you with a +0 glaive!
* * * LOW HITPOINT WARNING * * *
You block the gnoll sergeant's attack.
Unknown command.
You hit the gnoll. You burn the gnoll.
The gnoll is almost dead.
The gnoll hits you but does no damage.
The gnoll bouda hits you from afar with a +0 spear!
You die...

≈≈≈≈≈≈♣ #...≈≈♣♣
#..≈.♣ #..≈.♣♣
#..≈..♣♣ ### #..≈...♣
#... #..≈...♣ .....
#####..≈...♣♣
..$...#@g.'......)♣♣♣#
..8..g'gg.'......)†.∩#
..$...#...'.......♣♣♣#
.....######..≈...♣♣
#...# #..≈..♣♣ ####
#..≈..♣ #..≈..♣
#..≈.♣♣ #..≈.♣


You could see 2 gnoll sergeants, a gnoll bouda and a gnoll (swift).

Vanquished Creatures
  Pikel (D:5)
  Prince Ribbit (D:6)
  Grinder (D:6)
  Sigmund (D:5)
  Menkaure (D:6)
  Duvessa (D:5)
  A water moccasin (D:6)
  A black bear (D:6)
  2 sky beasts (D:7)
  2 centaurs (D:6)
  An ogre (D:5)
  3 phantoms
  A lemure (D:5)
  Blork the orc (D:6)
  2 bullfrogs
  2 scorpions
  Dowan (D:5)
  A jelly (D:6)
  2 orc priests
  4 hounds
  Ijyb (D:5)
  5 iguanas
  4 orc wizards
  7 gnolls
  8 adders
  A white imp (D:7)
  3 ufetubi
  A worm (D:2)
  A dart slug (D:3)
  14 orcs
  5 ball pythons
  5 endoplasms
  4 giant cockroaches
  7 goblins
  5 hobgoblins
  3 jackals
  9 kobolds
  2 quokkas
  3 bats
  2 frilled lizards (D:1)
  5 rats
125 creatures vanquished.

Notes
Turn   | Place    | Note
-------+----------+-------------------------------------------
     0 | D:1      | howech the Minotaur Gladiator began the quest for the Orb.
     0 | D:1      | Reached XP level 1. HP: 18/18 MP: 0/0
   303 | D:1      | Reached XP level 2. HP: 25/25 MP: 1/1
   445 | D:1      | Reached skill level 4 in Staves
   797 | D:1      | Reached XP level 3. HP: 29/30 MP: 2/2
  1013 | D:2      | Reached skill level 1 in Armour
  1031 | D:2      | Reached skill level 1 in Shields
  1072 | D:2      | Found a stormy altar of Qazlal.
  1468 | D:2      | Reached skill level 1 in Evocations
  1468 | D:2      | Reached XP level 4. HP: 22/37 MP: 3/3
  2550 | D:4      | Reached XP level 5. HP: 36/45 MP: 4/4
  2900 | D:4      | Noticed a phantom
  2910 | D:4      | Killed a phantom
  2911 | D:4      | Reached skill level 5 in Staves
  3345 | D:4      | Reached XP level 6. HP: 47/51 MP: 5/5
  3617 | D:5      | Entered Level 5 of the Dungeon
  3651 | D:5      | Found a hazy altar of Hepliaklqana.
  3653 | D:5      | Noticed Sigmund
  3803 | D:5      | Noticed Duvessa
  3803 | D:5      | Noticed Dowan
  3854 | D:5      | Killed Sigmund
  3925 | D:5      | Reached XP level 7. HP: 18/59 MP: 6/6
  4139 | D:5      | Found a runed translucent door.
  4144 | D:5      | Noticed hawla's ghost (novice MeFE)
  4336 | D:5      | Reached skill level 6 in Staves
  4336 | D:5      | Noticed Pikel
  4360 | D:5      | Killed Pikel
  4361 | D:5      | Reached XP level 8. HP: 58/67 MP: 7/7
  4369 | D:5      | Killed Duvessa
  4370 | D:5      | Reached skill level 7 in Staves
  4371 | D:5      | Killed Dowan
  4372 | D:5      | Reached skill level 5 in Dodging
  4470 | D:5      | Reached skill level 5 in Fighting
  4584 | D:5      | Found a staircase to the Ecumenical Temple.
  4590 | Temple   | Entered the Ecumenical Temple
  4717 | D:5      | Found an iron altar of Okawaru.
  4760 | D:5      | Noticed Ijyb
  4777 | D:5      | Killed Ijyb
  5293 | D:6      | Noticed Grinder
  5400 | D:6      | Killed Grinder
  5401 | D:6      | Reached skill level 8 in Staves
  5401 | D:6      | Reached XP level 9. HP: 63/74 MP: 8/8
  5463 | D:6      | Reached skill level 5 in Shields
  5472 | D:6      | Found a radiant altar of Vehumet.
  5513 | D:6      | Noticed Menkaure
  5519 | D:6      | Killed Menkaure
  5579 | D:6      | Noticed Prince Ribbit
  5598 | D:6      | Killed Prince Ribbit
  5599 | D:6      | Reached skill level 5 in Armour
  5609 | D:6      | Noticed Blork the orc
  5666 | D:6      | Killed Blork the orc
  5667 | D:6      | Reached skill level 5 in Throwing
  6025 | D:6      | Found a blossoming altar of Fedhas.
  6025 | D:6      | Found an ornate altar of the Wu Jian Council.
  6025 | D:6      | Found a bloodstained altar of Trog.
  6040 | D:6      | Found a burning altar of Makhleb.
  6045 | D:6      | Became a worshipper of Trog the Wrathful
  6052 | D:6      | Found a basalt altar of Yredelemnul.
  6096 | D:7      | Found Zuuweg's Weapon Boutique.
  6221 | D:7      | Reached skill level 9 in Staves
  6470 | D:7      | Found an opulent altar of Gozag.
  6841 | D:7      | Found a white marble altar of Elyvilon.
  6854 | D:7      | Found Leur's Antique Armour Shoppe.
  6862 | D:7      | Bought a pair of warped boots for 237 gold pieces
  6862 | D:7      | Identified the +0 pair of boots "Buihaed" {Str+2} (You
                  | bought it in a shop on level 7 of the Dungeon)
  7215 | D:8      | Noticed Maurice
  7266 | D:8      | Found a flagged portal.
  7306 | Bailey   | Entered a bailey
  7397 | Bailey   | Slain by a gnoll bouda

Illustrated notes

Levels and vault maps discovered:
D:1:      sevenhm_arrival_forest_fort_small_5, layout_rooms,
          columned_hall_lemuel, minmay_indecisive_spiral
D:2:      layout_loops_corners, basic_altar
D:3:      layout_rooms
D:4:      layout_layer_cave
D:5:      layout_gridville, mainiacjoe_overflow_small_starburst,
          mainiacjoe_overflow_cross_hatched, minmay_temple_entry_gardened_gates,
          ebering_ghost_sewer_d, kennysheep_small_circle, uniq_pikel, uniq_ijyb,
          uniq_duvessa, uniq_sigmund
D:6:      layout_loops_ring, lemuel_crystal_altar,
          minmay_overflow_temple_star_hex, minivault_23, uniq_grinder,
          uniq_prince_ribbit1, uniq_menkaure, uniq_blork_the_orc
D:7:      layout_basic, nicolae_overflow_hidden_temple, lemuel_round_altar,
          serial_shops, shop, shop
D:8:      layout_cave_pools, enter_bailey_8, ebering_ghost_funeral_grove,
          uniq_maurice, uniq_joseph
Temple:   nicolae_temple_two_arcs
Bailey:   bailey_polearm_gnolls_kennysheep, bailey

Skill      XL: |  1  2  3  4  5  6  7  8  9 |
---------------+----------------------------+-----
Staves         | 4 5 6 8 9 |  9.4
Armour         | 1 2 3 4 5 |  5.0
Shields        | 1 2 3 4 5 |  5.0
Evocations     | 1 2 3 4 |  4.4
Fighting       | 3 4 5 6 |  6.4
Dodging        | 4 5 6 |  6.0
Throwing       | 3 4 5 |  5.0

Action                     |  1- 3 |  4- 6 |  7- 9 || total
---------------------------+-------+-------+-------++-------
  Melee: Quarterstaff      |    70 |    94 |   154 ||   318
         Headbutt          |     9 |    12 |    27 ||    48
  Throw: Throwing net      |       |       |     6 ||     6
         Dart              |       |       |     2 ||     2
         Javelin           |       |       |     2 ||     2
    Use: Scroll            |       |    10 |     7 ||    17
         Potion            |       |     1 |     2 ||     3
   Stab: Sleeping          |     1 |       |       ||     1
         Held in net/web   |       |       |     1 ||     1
 Armour: Scale mail        |    30 |    45 |       ||    75
         Chain mail        |       |       |    40 ||    40
         Plate armour      |       |       |    20 ||    20
  Dodge: Dodged            |    37 |    54 |    78 ||   169
  Block: Other             |       |       |     5 ||     5
